 Dungeon Crawl Stone Soup version 0.27-b1-41-gafb5482f4b (webtiles) character file.

Game seed: 6527319733955478288

1 hawla the Sneak (level 1, 0/13 HPs)
             Began as a Deep Elf Delver on July 28, 2021.
             Slain by a bullfrog (3 damage)
             ... on level 4 of the Dungeon.
             The game lasted 00:00:56 (113 turns).

hawla the Sneak (Deep Elf Delver)                    Turns: 113, Time: 00:00:57

Health: 0/13       AC:  4    Str:  9    XL:     1   Next: 16%
Magic:  3/3        EV: 12    Int: 14    God:
Gold:   12         SH:  0    Dex: 16    Spells: 0/0 levels left

rFire    . . .     SeeInvis .   a - +0 short sword
rCold    . . .     Faith    .   (no shield)
rNeg     . . .     Spirit   .   b - +0 leather armour
rPois    .         Reflect  .   (no helmet)
rElec    .         Harm     .   (no cloak)
rCorr    .         Rampage  .   (no gloves)
Will     .....                  j - +0 pair of boots
Stlth    +++.......             (no amulet)
HPRegen  0.04/turn              (no ring)
MPRegen  0.08/turn              (no ring)

@: no status effects
A: no striking features
a: no special abilities


You were on level 4 of the Dungeon.
You visited 1 branch of the dungeon, and saw 2 of its levels.

You collected 12 gold pieces.

Inventory:

Hand Weapons
 a - a +0 short sword (weapon)
Armour
 b - a +0 leather armour (worn)
 j - a +0 pair of boots (worn)
Wands
 g - a wand of digging (3)
Scrolls
 c - a scroll of fog
 d - a scroll of magic mapping
 e - a scroll of fear
 i - a scroll of teleportation {unknown}
Potions
 f - a potion of haste
 h - a potion of curing {unknown}


   Skills:
 + Level 2.4 Fighting
 + Level 2.0 Short Blades
 + Level 0.0 Throwing
 + Level 2.4 Dodging
 - Level 6.0 Stealth
 + Level 0.1 Spellcasting
 + Level 0.1 Evocations


You couldn't memorise any spells.
You didn't know any spells.
Your spell library was empty.

Dungeon Overview and Level Annotations

Branches:
Dungeon (5/15)
 Temple: D:4-7

Altars:
Dithmenos


Message History

Found a stone staircase leading down and a stone staircase leading up.
h - a red potion You now have 12 gold pieces.
i - a scroll labelled ZEOCHA FAMU
There is a stone staircase leading up here.
You climb upwards.
There is a stone staircase leading down here.
Found a stone staircase leading down.
There is a stone staircase leading down here.
You open the door.
A quokka comes into view.
Found a pair of boots.
There is an open door here.
The helpless quokka fails to defend itself.
You impale the quokka!!
You kill the quokka!
No target in view!
You see here a +0 pair of boots.
You start putting on your armour.
You continue putting on your +0 pair of boots. x4
You finish putting on your +0 pair of boots.
Found 18 stones.
A bullfrog comes into view.
The bullfrog croaks.
The bullfrog moves out of view.
A ball python comes into view.
There are monsters nearby!
An ogre comes into view. It is wielding a +0 giant club.
The ball python hisses angrily.
The ball python bites you. The ball python completely misses you.
The bullfrog hits you!
Ouch! That really hurt!
* * * LOW HITPOINT WARNING * * *
You are too injured to fight recklessly!
You are too injured to fight recklessly!
You are too injured to fight recklessly!
You are too injured to fight recklessly!
Unknown command.
The bullfrog hits you.
You die...

........#.. .......#.#
.....#.#. ........#.#
#...... ........#'####
...#.# #.....†.....#
...#.#.#.######...........#
...............#..........#
.#.#.#.#..................#
#.#.SF...............#
#.#..@...............#
#.#..................#
#.####...............# #.
#.(.....######### ..
#.......# #.......#
#.......# #.......#
#########


You could see a bullfrog and a ball python.

Vanquished Creatures
  A quokka (D:4)
1 creature vanquished.

Notes
Turn   | Place    | Note
-------+----------+-------------------------------------------
     0 | D:5      | hawla the Deep Elf Delver began the quest for the Orb.
     0 | D:5      | Reached XP level 1. HP: 13/13 MP: 3/3
   108 | D:4      | Noticed a bullfrog
   110 | D:4      | Noticed an ogre
   113 | D:4      | Slain by a bullfrog

Illustrated notes

Levels and vault maps discovered:
D:4:      layout_basic, mainiacjoe_overflow_alcove_1, kennysheep_dice,
          uniq_menkaure, uniq_eustachio
D:5:      layout_gridville, mainiacjoe_overflow_large_starburst, serial_shops,
          shop, nrook_campfire, serial_bayou_pond_e, grunt_ministairs_15

Action                   || total
-------------------------++-------
Melee: Short sword       ||     1
 Stab: Sleeping          ||     1
Dodge: Dodged            ||     1
